Map: Acid Plant LE

Players

IraMyGirl - Winner!

  • Race: Protoss Protoss
  • League: Grandmaster
  • Spawn Location: 11:00

IIIIIIIIIIII

  • Race: Zerg Zerg
  • League: Master
  • Spawn Location: 5:00

VOD

Have the link to the VOD?

Description

Time

  • Played on: April 23, 2018, 2 p.m.
  • Length: 8:50
Show
View Real Time Build Order
Export as new Build Order

IraMyGirl Protoss - Winner!

Build Orders: 1 Gate Expand, Oracle Opening, Phoenix Opening, Zealot Archon 

Get SALT Encoding   

  12  0:01  Probe  
  13  0:13  Probe  
  14  0:19  Pylon  
  14  0:25  Probe  
  15  0:35  Probe  
  15  0:41  Gateway  
  16  0:45  Assimilator, Probe  
  17  0:54  Probe  
  18  1:06  Probe  
  19  1:18  Probe  
  20  1:25  Nexus  
  20  1:35  Cybernetics Core  
  20  1:39  Probe  
  21  1:44  Assimilator  
  21  1:51  Probe  
  22  1:54  Pylon  
  22  2:03  Probe, Adept  
  23  2:15  Probe  
  26  2:16  Stargate  
  26  2:27  Probe, Warp Gate  
  27  2:32  Adept  
  29  2:38  Probe x2  
  31  2:46  Probe  
  31  2:50  Probe  
  33  2:52  Oracle  
  33  2:54  Probe  
  33  3:02  Probe  
  38  3:06  Probe  
  38  3:07  Assimilator  
  38  3:09  Assimilator  
  39  3:14  Probe  
  39  3:18  Probe  
  41  3:20  Gateway  
  42  3:29  Phoenix  
  42  3:30  Probe  
  45  3:36  Pylon  
  45  3:38  Robotics Facility  
  44  3:44  Probe  
  45  3:49  Probe  
  45  3:53  Twilight Council  
  46  3:56  Probe  
  46  4:02  Probe, Gateway  
  48  4:07  Gateway  
  48  4:10  Probe  
  48  4:16  Warp Prism  
  48  4:17  Probe  
  50  4:22  Probe  
  51  4:29  Probe  
  54  4:31  Templar Archives  
  54  4:34  Pylon  
  54  4:37  Pylon  
  54  4:48  Pylon  
  54  4:53  Probe x2  
  54  4:56  Charge  
  54  4:59  Observer  
  57  5:05  Probe x2  
  59  5:08  High Templar x4  
  59  5:12  Archon x2  
  67  5:20  Gateway  
  67  5:22  Gateway  
  67  5:23  Gateway  
  67  5:25  Gateway  
  67  5:32  Immortal  
  71  5:47  Zealot x2  
  71  5:48  Zealot  
  77  5:51  Pylon  
  77  5:53  Pylon  
  77  6:01  Immortal  
  80  6:20  Probe x2  
  82  6:27  High Templar x2  
  82  6:28  Zealot x2  
  82  6:32  Nexus  
  90  6:39  Probe  
  92  6:40  Probe  
  92  6:44  Pylon  
  92  6:47  Pylon  
  92  7:02  Immortal  
  92  7:04  High Templar  
  92  7:05  High Templar x2  
  102  7:10  High Templar  
  102  7:15  Forge  
  104  7:16  Probe x2  
  104  7:17  Forge  
  104  7:19  Pylon  
  104  7:21  Archon x2  
  106  7:24  Archon  
  106  7:25  Zealot x2, Pylon  
  106  7:28  Pylon, Shield Battery  
  108  7:31  Pylon  
  108  7:33  Pylon  
  106  7:41  Immortal  
  106  7:43  Zealot x5  
  106  7:44  Zealot  
  106  7:58  Probe  
  96  8:11  Zealot x6  
  107  8:20  Observer  
  109  8:32  High Templar x4  
  109  8:33  Zealot x4  
  118  8:39  Archon x2  
Show
View Real Time Build Order
Export as new Build Order

IIIIIIIIIIII Zerg 

Build Orders: Hatch First 

Get SALT Encoding   

  12  0:00  Drone  
  13  0:14  Overlord  
  13  0:19  Drone  
  14  0:32  Drone x2  
  16  0:37  Drone  
  17  0:52  Hatchery  
  17  0:55  Drone  
  17  0:59  Extractor  
  17  1:01  Drone  
  17  1:08  Drone  
  18  1:18  Spawning Pool  
  18  1:22  Drone  
  18  1:29  Drone  
  19  1:48  Overlord  
  19  2:05  Zergling x2  
  19  2:06  Queen x2, Zergling x4  
  26  2:09  Metabolic Boost  
  26  2:19  Overlord  
  26  2:20  Drone  
  27  2:27  Drone x2  
  29  2:44  Hatchery  
  28  2:47  Drone  
  28  2:49  Drone  
  30  2:58  Queen  
  30  3:00  Drone  
  30  3:02  Drone  
  34  3:06  Zergling x2  
  34  3:07  Zergling x2  
  34  3:10  Drone  
  37  3:23  Zergling x2  
  37  3:24  Zergling x2  
  38  3:27  Drone x3  
  38  3:29  Spore Crawler  
  38  3:31  Drone  
  41  3:35  Drone  
  41  3:40  Lair  
  42  3:42  Drone  
  42  3:47  Drone  
  44  3:52  Overlord  
  44  3:56  Roach Warren  
  44  3:59  Drone, Spore Crawler  
  43  4:04  Queen  
  43  4:05  Drone  
  43  4:06  Drone  
  47  4:13  Spore Crawler  
  47  4:15  Drone x3  
  47  4:16  Drone  
  50  4:22  Overlord  
  50  4:26  Overlord  
  50  4:29  Spore Crawler, Overlord  
  49  4:33  Spore Crawler  
  48  4:38  Glial Reconstitution  
  48  4:39  Extractor x2  
  48  4:42  Drone x3  
  48  4:43  Drone  
  48  4:45  Drone  
  51  4:46  Drone  
  51  4:49  Drone  
  51  4:50  Drone  
  51  4:52  Drone  
  55  4:54  Drone  
  55  4:57  Roach  
  58  5:00  Roach  
  58  5:06  Roach x2  
  64  5:13  Roach x3  
  72  5:21  Roach x2  
  72  5:25  Overlord x2  
  72  5:28  Overlord  
  74  5:33  Overlord  
  72  5:47  Drone x5  
  72  5:48  Drone x5  
  80  5:55  Evolution Chamber  
  79  5:58  Roach  
  80  6:04  Roach x2  
  80  6:05  Roach  
  83  6:11  Overlord  
  83  6:15  Overlord  
  81  6:21  Drone x4  
  85  6:28  Roach x2  
  85  6:29  Overlord x2  
  85  6:31  Overlord  
  89  6:35  Hatchery  
  88  6:42  Roach x5  
  88  6:44  Ravager x2  
  100  6:49  Roach x2  
  100  6:50  Roach  
  106  6:56  Roach x2  
  110  7:04  Roach x3  
  110  7:05  Roach x2  
  120  7:08  Ravager  
  120  7:09  Ravager  
  120  7:14  Zergling x10  
  127  7:16  Zergling x2  
  127  7:21  Roach  
  130  7:22  Overlord  
  130  7:24  Overlord  
  130  7:30  Overlord  
  130  7:33  Overlord  
  98  7:55  Roach x8  
  95  8:03  Drone  
  95  8:04  Drone x3  
  95  8:05  Drone x2  
  93  8:09  Extractor  
  93  8:10  Drone  
  93  8:11  Drone x5  
  93  8:12  Hydralisk Den  
  94  8:17  Drone x2  
  94  8:19  Overlord  
  96  8:23  Drone  
  84  8:29  Roach x2  
  84  8:30  Overlord  
  84  8:31  Drone  
  82  8:36  Drone  
Tags
 
Add a new tag
Caveats
  • Supply blocks, unpowered buildings, or Contaminate may cause inaccurate times.
  • Supply counts are checked every 10 seconds.